 Seeded DCSS version 0.29-a0-72-g1732ff48e7 (webtiles) character file.

Game seed: 10000000000011 (custom seed)

3732 knot the Cleaver (level 9, 0/63 HPs)
             Began as a Demonspawn Berserker on Feb 4, 2022.
             Was a Follower of Trog.
             Slain by Erica (3 damage)
             ... on level 8 of the Dungeon.
             The game lasted 00:12:31 (10092 turns).

knot the Cleaver (Demonspawn Berserker)            Turns: 10092, Time: 00:12:35

Health: 0/63       AC:  4    Str: 18    XL:     9   Next: 92%
Magic:  0/9        EV: 12    Int: 13    God:    Trog [*.....]
Gold:   480        SH:  0    Dex: 12    Spells: 8/8 levels left

rFire   + . .      SeeInvis .   A - +2 hand axe
rCold   . . .      Faith    .   (no shield)
rNeg    . . .      Spirit   +   a - +2 robe {rF+}
rPois   .          Reflect  +   (no helmet)
rElec   .          Harm     .   (no cloak)
rCorr   .          Rampage  .   (gloves unavailable)
Will    .....                   (no boots)
Stlth   +.........              d - amulet of reflection
HPRegen 0.20/turn               (no ring)
MPRegen 0.22/turn               (no ring)

@: confused, on berserk cooldown, slowed, very slow
A: powered by death 1, magic shield, magic regeneration, demonic touch 3
a: Renounce Religion, Berserk


You were on level 8 of the Dungeon.
You worshipped Trog.
Trog was aware of your devotion.
You visited 1 branch of the dungeon, and saw 8 of its levels.

You collected 480 gold pieces.

Inventory:

Hand Weapons
 s - a +0 hunting sling of freezing
 A - a +2 hand axe (weapon)
Missiles
 f - 165 stones (quivered)
 p - 10 boomerangs
 r - 5 poisoned darts
 w - 22 sling bullets
 x - a curare-tipped dart
Armour
 a - a +2 robe of fire resistance (worn)
 b - a +0 robe of cold resistance
Jewellery
 d - an amulet of reflection (around neck)
Wands
 l - a wand of charming (1)
 o - a wand of polymorph (14)
 q - a wand of flame (26)
 y - a wand of iceblast (8)
Scrolls
 c - a scroll of amnesia {unknown}
 k - 3 scrolls of identify {unknown}
 m - 2 scrolls of blinking {unknown}
 n - a scroll of fog {unknown}
 u - 2 scrolls of holy word {unknown}
 v - 2 scrolls of teleportation {unknown}
Potions
 e - 3 potions of curing
 g - a potion of lignification {unknown}
 h - a potion of might {unknown}
 i - a potion of magic {unknown}
 j - a potion of heal wounds {unknown}
 t - a potion of brilliance {unknown}
 z - 2 potions of resistance {unknown}


   Skills:
 - Level 3.0 Fighting
 * Level 10.1 Axes
 * Level 8.8 Throwing
 - Level 1.7 Armour
 - Level 1.7 Dodging


You had 8 spell levels left.
You didn't know any spells.
Your spell library contained the following spells:

 Spells                   Type           Power      Damage    Failure   Level
 Corpse Rot               Necr/Air       0%         N/A       43%         2
 Ensorcelled Hibernation  Hex/Ice        0%         N/A       43%         2
 Passwall                 Tmut/Erth      0%         N/A       43%         2
 Poisonous Vapours        Pois/Air       0%         N/A       43%         2
 Ozocubu's Armour         Ice            0%         N/A       67%         3
 Swiftness                Air            0%         N/A       67%         3
 Tukima's Dance           Hex            0%         N/A       67%         3
 Anguish                  Hex/Necr       0%         N/A       97%         4
 Metabolic Englaciation   Hex/Ice        0%         N/A       100%        5
 Simulacrum               Ice/Necr       0%         N/A       100%        6
 Enfeeble                 Hex            0%         N/A       100%        7


Dungeon Overview and Level Annotations

Branches:
Dungeon (8/15)             Temple (0/1) D:4
   Lair: D:8-11

Altars:
Okawaru
Ru
Uskayaw

Shops:
D:3 [

Annotations:
D:8 2 runed translucent doors, Erica


Innate Abilities, Weirdness & Mutations

You regenerate a little health from kills.
When hurt, damage is shared between your health and your magic reserves.
You regenerate magic rapidly.
Your touch may irresistibly damage your foes and sap their willpower.


Message History

Your +0 hunting sling of freezing stops glowing.
A - a +2 hand axe (weapon)
Erica hits you with a +3 scimitar of flaming!
Erica burns you.
A red film seems to cover your vision as you go berserk!
You feel yourself moving faster!
You feel mighty!
Erica points at you and mumbles some strange words.
The lance of force hits you!!
You are knocked back by the lance of force.
You slam into the rock wall!
You feel a strong urge to attack something.
You completely miss Erica. Your touch misses Erica.
Erica is lightly wounded.
Erica completely misses you.
You barely miss Erica. Your touch misses Erica.
Erica is lightly wounded.
You block Erica's attack.
You completely miss Erica.
Erica is lightly wounded.
You closely miss Erica.
You touch Erica!
You sap her willpower!
Erica is moderately wounded.
Erica hits you with a +3 scimitar of flaming!
Erica burns you.
* * * LOW HITPOINT WARNING * * *
You hit Erica.
You touch Erica.
You sap her willpower!
Erica is moderately wounded.
You barely miss Erica.
Erica is moderately wounded.
Erica casts a spell at you.
You are confused.
You're too confused to move!
You feel a strong urge to attack something.
You bump into the rock wall.
You are no longer berserk.
You are exhausted.
You feel yourself slow down.
Erica hits you with a +3 scimitar of flaming!
* * * LOW HITPOINT WARNING * * *
Erica burns you.
You die...

.....#..######.#######
#........<.......#
###.##########.#.#
#..# #.#.### #.##
#...... #.# #......
#.# ##.."## ##.##
##.## #(@@# ...#
#...((......# .####
##(###.?.##.# # ##.##
# #.# #.# #.# .>.


You could see Erica (weak-willed).

Vanquished Creatures
  A two-headed ogre (D:8)
  Joseph (D:7)
  A kobold demonologist (D:5)
  Prince Ribbit (D:8)
  A water moccasin (D:8)
  A black bear (D:5)
  A necrophage (D:6)
  An ice beast (D:7)
  4 ogres
  A phantom (D:6)
  A kobold brigand (D:7)
  2 wyvern zombies (D:7)
  A bullfrog (D:8)
  6 scorpions
  A wyvern skeleton (D:7)
  Dowan (D:4)
  9 wights
  A howler monkey (D:5)
  A centaur zombie (D:5)
  An orc priest (D:4)
  2 hounds
  A jelly (D:6)
  2 bullfrog skeletons
  2 centaur skeletons
  Ijyb (D:4)
  An orc wizard (D:7)
  A scorpion zombie (D:5)
  7 adders
  A shadow imp (D:7)
  A white imp (D:5)
  14 orcs
  6 endoplasms
  2 giant cockroaches
  5 goblins
  5 hobgoblins
  14 jackals
  A quokka (D:4)
  4 ball pythons
  7 bats
  5 frilled lizards
  7 kobolds
  5 rats
131 creatures vanquished.

Vanquished Creatures (collateral kills)
  A hound (D:5)
  A centaur skeleton (D:5)
2 creatures vanquished.

Grand Total: 133 creatures vanquished

Notes
Turn   | Place    | Note
-------+----------+-------------------------------------------
     0 | D:1      | knot the Demonspawn Berserker began the quest for the Orb.
     0 | D:1      | Reached XP level 1. HP: 18/18 MP: 1/1
   152 | D:1      | Reached skill level 3 in Axes
   272 | D:1      | Gained mutation: You regenerate magic rapidly. [demonic
                  | ancestry]
   272 | D:1      | Reached XP level 2. HP: 21/24 MP: 2/2
  1098 | D:2      | Reached skill level 4 in Axes
  1098 | D:2      | Gained mutation: Your touch may inflict minor irresistible
                  | damage on your foes. [demonic ancestry]
  1098 | D:2      | Reached XP level 3. HP: 17/29 MP: 3/3
  1650 | D:2      | Reached ** piety under Trog
  1858 | D:2      | Reached XP level 4. HP: 25/35 MP: 4/4
  2317 | D:3      | Noticed an ogre
  2324 | D:3      | Killed an ogre
  2325 | D:3      | Reached skill level 5 in Axes
  2325 | D:3      | Reached skill level 1 in Throwing
  2325 | D:3      | Reached XP level 5. HP: 41/41 MP: 5/5
  2382 | D:3      | Found Daocsar's Antique Armour Emporium.
  3053 | D:4      | Noticed Duvessa
  3055 | D:4      | Noticed Duvessa
  3055 | D:4      | Duvessa changed into Duvessa the scorpion
  3064 | D:4      | Killed Duvessa the scorpion
  3065 | D:4      | Gained mutation: Your touch may inflict irresistible damage
                  | on your foes. [demonic ancestry]
  3065 | D:4      | Reached XP level 6. HP: 25/47 MP: 6/6
  3378 | D:4      | Noticed Dowan
  3381 | D:4      | Noticed Ijyb
  3412 | D:4      | Killed Ijyb
  3414 | D:4      | Killed Dowan
  3601 | D:4      | Found a staircase to the Ecumenical Temple.
  4298 | D:5      | Entered Level 5 of the Dungeon
  4348 | D:5      | Noticed a kobold demonologist
  4350 | D:5      | Noticed a sun demon
  4475 | D:5      | Noticed a ynoxinul
  4481 | D:5      | Killed a kobold demonologist
  4482 | D:5      | Reached skill level 6 in Axes
  4482 | D:5      | Gained mutation: When hurt, damage is shared between your
                  | health and your magic reserves. [demonic ancestry]
  4482 | D:5      | Reached XP level 7. HP: 52/52 MP: 7/7
  5002 | D:5      | Reached skill level 7 in Axes
  5002 | D:5      | Reached skill level 5 in Throwing
  5068 | D:5      | Gained mutation: You regenerate a little health from kills.
                  | [demonic ancestry]
  5068 | D:5      | Reached XP level 8. HP: 47/58 MP: 6/8
  5204 | D:5      | Found a hide-covered altar of Uskayaw.
  6000 | D:6      | Reached skill level 8 in Axes
  6976 | D:6      | Found an iron altar of Okawaru.
  7038 | D:7      | Noticed Joseph
  7439 | D:7      | Killed Joseph
  7440 | D:7      | Gained mutation: Your touch may irresistibly damage your
                  | foes and sap their willpower. [demonic ancestry]
  7440 | D:7      | Reached XP level 9. HP: 63/63 MP: 7/9
  8095 | D:7      | Reached skill level 9 in Axes
  8722 | D:7      | Found a sacrificial altar of Ru.
  9345 | D:8      | Found a large runed translucent door.
  9345 | D:8      | Found a large runed translucent door.
  9345 | D:8      | Noticed a two-headed ogre
  9354 | D:8      | Killed a two-headed ogre
  9362 | D:8      | Reached skill level 10 in Axes
 10000 | D:8      | Noticed Prince Ribbit
 10020 | D:8      | Killed Prince Ribbit
 10075 | D:8      | Noticed Erica
 10092 | D:8      | HP: 3/63 [Erica (16)]
 10092 | D:8      | Slain by Erica

Illustrated notes

Levels and vault maps discovered:
D:1:      lordsloth_arrival_two_stooges, layout_basic, grunt_decor_fettered,
          minmay_misc_feat_diagonals, nicolae_concentric_dashed_squares_wild
D:2:      layout_rooms, hangedman_decor_clover_reticule
D:3:      layout_basic, serial_shops, shop, kennysheep_path_1
D:4:      layout_rooms, temple_doors_e, uniq_duvessa, uniq_ijyb
D:5:      layout_loops_cross, nicolae_uskayaw_suspiria, item_on_display_a
D:6:      layout_rooms, nicolae_overflow_hidden_temple, grunt_ministairs_6
D:7:      layout_loops_ring, nicolae_ru_awakened_eye, palyth_stone_intersect,
          minmay_misc_feat_alley, minivault_27, uniq_joseph
D:8:      layout_loops_ring, ebering_ghost_disaster_area,
          nicolae_shop_self_help, uniq_harold, uniq_erica, uniq_prince_ribbit1

Skill      XL: |  1  2  3  4  5  6  7  8  9 |
---------------+----------------------------+-----
Axes           | 3 4 5 6 7 8 10 | 10.1
Throwing       | 1 2 4 5 7 8 |  8.8
Fighting       | |  3.0
Armour         | |  1.7
Dodging        | |  1.7

Action                   |  1- 3 |  4- 6 |  7- 9 || total
-------------------------+-------+-------+-------++-------
Melee: Hand axe          |   128 |    83 |   163 ||   374
       Touch             |     8 |    12 |    36 ||    56
       Punch             |       |     2 |     2 ||     4
 Fire: Hunting sling     |       |     1 |   173 ||   174
Throw: Stone             |       |     3 |       ||     3
       Dart              |       |     2 |     2 ||     4
Invok: Berserk           |     2 |     6 |    17 ||    25
       Trog's Hand       |       |     1 |     1 ||     2
Evoke: Wand              |       |     2 |     3 ||     5
 Stab: Distracted        |       |     1 |       ||     1
Armor: Animal skin       |    35 |     8 |    14 ||    57
       Robe              |       |       |     1 ||     1
Dodge: Dodged            |    89 |    45 |    92 ||   226
Block: Other             |    42 |    20 |    43 ||   105
       Reflection        |       |     1 |     1 ||     2

Table legend: (Time is in decaauts)
 A = Elapsed time spent in this place.
 B = Non-inter-level travel time spent in this place.
 C = Inter-level travel time spent in this place.
 D = Time resting spent in this place.
 E = Time spent auto-exploring this place.
 F = Levels seen in this place.
 G = Mean time per level.
                   A        B        C        D        E       F      G
               +--------+--------+--------+--------+--------+-----+--------+
         Total |  10298 |   9894 |    404 |   4036 |   4603 |   8 | 1287.2 |
       Dungeon |  10298 |   9894 |    404 |   4036 |   4603 |   8 | 1287.2 |
               +--------+--------+--------+--------+--------+-----+--------+

Top non-repeatable levels by time:
     D:7: 2301 daAuts
     D:6: 1610 daAuts
     D:4: 1606 daAuts
     D:5: 1520 daAuts
     D:1: 1319 daAuts
     D:2: 936 daAuts
     D:3: 686 daAuts
     D:8: 318 daAuts
